 Dungeon Crawl Stone Soup version 0.24-a0-254-gf493760 (webtiles) character file.

Game seed: 17060127113427136275

114 Syader the Covered (level 4, 4/29 HPs)
             Began as a Tengu Fighter on Apr 18, 2019.
             Quit the game on level 2 of the Dungeon.
             The game lasted 00:03:45 (2076 turns).

Syader the Covered (Tengu Fighter)                  Turns: 2076, Time: 00:03:45

Health: 4/29       AC:  3    Str: 18    XL:     4   Next: 97%
Magic:  5/5        EV: 12    Int:  8    God:
Gold:   12         SH:  0    Dex: 13    Spells: 3/3 levels left

rFire    . . .     SeeInvis .   a - +0 long sword
rCold    . . .     Gourm    .   (no shield)
rNeg     . . .     Faith    .   e - +0 leather armour
rPois    .         Spirit   .   (helmet restricted)
rElec    .         Reflect  .   (no cloak)
rCorr    .         Harm     .   (no gloves)
MR       .....                  (boots unavailable)
Stlth    +.........             (no amulet)
HPRegen  0.09/turn              (no ring)
MPRegen  0.09/turn              (no ring)

@: lethally poisoned (4 -> 0), very slightly contaminated, invisible
A: beak, talons 3
a: no special abilities


You were on level 2 of the Dungeon.
You were not hungry.

You visited 1 branch of the dungeon, and saw 3 of its levels.

You collected 12 gold pieces.

Inventory:

Hand Weapons
 a - a +0 long sword (weapon)
Missiles
 h - 23 bolts
Armour
 b - a +0 scale mail
 c - a +0 shield
 e - a +0 leather armour (worn)
Comestibles
 f - 4 rations


   Skills:
 - Level 3.8 Fighting
 - Level 3.4 Long Blades
 - Level 4.2 Armour
 + Level 1.5 Dodging
 - Level 3.0 Shields


You had 3 spell levels left.
You didn't know any spells.
Your spell library was empty.

Dungeon Overview and Level Annotations

Branches:
Dungeon (3/15)

Altars:


Innate Abilities, Weirdness & Mutations

You have a beak for a mouth.
You have claws for feet.


Message History

Your peck misses the adder. The hobgoblin closely misses you.
The adder bites you.
You are poisoned.
The adder poisons you!
The hobgoblin hits you but does no damage.
You barely miss the adder. Your kick misses the adder.
Your peck misses the adder.
You feel sick. The adder bites you.
* * * LOW HITPOINT WARNING * * *
The adder barely misses you.
The hobgoblin hits you but does no damage.
It was a potion of invisibility.
You fade into invisibility!
* * * LOW HITPOINT WARNING * * *
You feel sick. The adder barely misses you.
You riposte.
You hit the adder. Your kick misses the adder.
The adder is heavily wounded.
The hobgoblin closely misses you.
You riposte.
You barely miss the hobgoblin.
The hobgoblin is moderately wounded.
You are very lightly contaminated with residual magic.
Are you sure you want to abandon this character and quit the game? (Confirm with "yes".)

#...# #...# #...#
##### #...#
###...# #...#
......# ###..##
###...# #.....#
#...# #.†...#
###.### #...S@#
#...# #....g#
#.##########.....#
.................#
############.....#
# ##.....# #
#......# #
####......# ##
####.#..##.###


You could see an adder and a hobgoblin.

Vanquished Creatures
  4 gnolls (D:2)
  3 adders (D:2)
  2 worms (D:2)
  A leopard gecko (D:1)
  3 giant cockroaches (D:2)
  4 goblins
  5 hobgoblins
  6 jackals
  3 bats
  3 frilled lizards
  5 kobolds
  6 rats
45 creatures vanquished.

Notes
Turn   | Place    | Note
-------+----------+-------------------------------------------
     0 | D:1      | Syader the Tengu Fighter began the quest for the Orb.
     0 | D:1      | Reached XP level 1. HP: 14/14 MP: 2/2
   203 | D:1      | Reached XP level 2. HP: 19/19 MP: 3/3
   925 | D:2      | Reached XP level 3. HP: 14/23 MP: 4/4
  1229 | D:2      | Reached skill level 4 in Armour
  1230 | D:2      | Reached XP level 4. HP: 12/29 MP: 5/5
  1607 | D:2      | Reached skill level 1 in Dodging
  2076 | D:2      | Quit the game

Levels and vault maps discovered:
D:1:      onia_arrival_pyramid, layout_basic
D:2:      layout_rooms, chequers_garden
D:3:      layout_loops_ring, grunt_temple_overflow_gold_and_silver,
          tso_metal_star, eat_drink_and_be_merry_uskayaw,
          gammafunk_ghost_gnarly_gnolls, first_ration, serial_bayou,
          serial_bayou_pond_b, serial_bayou_lagoon_a, serial_bayou_pond_e,
          serial_bayou_shore_b

Skill      XL: |  1  2  3  4 |
---------------+-------------+-----
Long Blades    | 3 |  3.4
Armour         | 4 |  4.2
Dodging        | 1 |  1.5
Fighting       | |  3.8
Shields        | |  3.0

Action                   |  1- 3 |  4- 6 || total
-------------------------+-------+-------++-------
Melee: Long sword        |    45 |    35 ||    80
       Peck              |     6 |     4 ||    10
       Kick              |    10 |    12 ||    22
  Use: Scroll            |     2 |       ||     2
       Potion            |     1 |     1 ||     2
  Eat: Ration            |     1 |       ||     1
Armor: Leather armour    |    13 |     6 ||    19
Dodge: Dodged            |    32 |    28 ||    60
       Rpst.: Long sword |     7 |    13 ||    20

Table legend:
 A = Non-vault XP
 B = Vault XP
 C = Vault XP percentage of total XP
 D = Non-vault monster count
 E = Vault monster count
 F = Vault count percentage of total count
                 A         B        C        D         E       F
            +---------+---------+-------+---------+---------+-------
      Total |     163 |       0 |   0.0 |      45 |       0 |   0.0
            +---------+---------+-------+---------+---------+-------
        D:1 |      33 |       0 |   0.0 |      21 |       0 |   0.0
        D:2 |     130 |       0 |   0.0 |      24 |       0 |   0.0
            +---------+---------+-------+---------+---------+-------
